 Dungeon Crawl Stone Soup version 0.29-a0-551-gffc1d7fb78 (webtiles) character file.

Game seed: 16811502400189238035

247 brmiller01 the Magician (level 6, -3/47 HPs)
             Began as a Djinni Ice Elementalist on June 5, 2022.
             Was an Initiate of Makhleb.
             Slain by a black bear (4 damage)
             ... on level 5 of the Dungeon.
             The game lasted 00:13:49 (5539 turns).

brmiller01 the Magician (Djinni Ice Elementalist)   Turns: 5539, Time: 00:13:49

Health: -3/47      AC:  2    Str:  7    XL:     6   Next: 34%
Gold:   131        EV: 12    Int: 18    God:    Makhleb [......] SH:  0 Dex: 14

rFire   + + .      SeeInvis .   (no weapon)
rCold   x . .      Faith    .   (no shield)
rNeg    + . .      Spirit   .   a - +0 robe
rPois   ∞          Reflect  .   (no helmet)
rElec   .          Harm     .   (no cloak)
rCorr   .          Rampage  .   (no gloves)
Will    .....                   (boots unavailable)
Stlth   ++........              (no amulet)
HPRegen 0.15/turn               m - ring of positive energy
MPRegen 0.00/turn               (no ring)

@: attractive, flying, hasted, very quick
A: sickness immunity, fire resistance 2, cold vulnerability 1, float, innate
caster, HP casting, extra vitality 1
a: Renounce Religion


You were on level 5 of the Dungeon.
You worshipped Makhleb.
Makhleb was noncommittal.
You visited 2 branches of the dungeon, and saw 6 of its levels.

You collected 131 gold pieces.

Inventory:

Missiles
 b - 142 stones
 k - 8 boomerangs
 n - 5 poisoned darts
 s - 2 javelins
Armour
 a - a +0 robe (worn)
Jewellery
 m - a ring of positive energy (left hand)
 w - a ring of positive energy
Scrolls
 c - 2 scrolls of enchant armour {unknown}
 g - a scroll of fear {unknown}
 h - 9 scrolls of identify {unknown}
 i - a scroll of amnesia {unknown}
 j - a scroll of noise {unknown}
 l - 3 scrolls of poison {unknown}
 q - a scroll of teleportation {unknown}
 t - a scroll of blinking {unknown}
 u - a scroll of silence {unknown}
 x - a scroll of summoning {unknown}
 y - a scroll of brand weapon {unknown}
Potions
 d - a potion of ambrosia {unknown}
 e - a potion of curing {unknown}
 f - 2 potions of attraction
 o - 2 potions of lignification {unknown}
 p - 2 potions of haste
 r - a potion of heal wounds {unknown}
 v - 2 potions of cancellation {unknown}


   Skills:
 * Level 3.9 Fighting
 - Level 2.1 Dodging
 - Level 1.5 Stealth
 * Level 4.6 Spellcasting


You couldn't memorise any spells.
You knew the following spells:

 Your Spells              Type           Power      Damage    Failure   Level
a - Freeze                Ice            80%        1d9       1%          1
b - Frozen Ramparts       Ice            40%        1d6       6%          3
c - Ozocubu's Armour      Ice            20%        N/A       6%          3
d - Hailstorm             Conj/Ice       20%        3d6       21%         4
e - Sandblast             Erth           40%        2d10      1%          1
f - Call Imp              Summ           20%        N/A       3%          2
Your spell library was empty.

Dungeon Overview and Level Annotations

Branches:
Dungeon (5/15)             Temple (1/1) D:4

Altars:
Ashenzari
Dithmenos
Fedhas
Hepliaklqana
Kikubaaqudgha
Makhleb
Okawaru
Sif Muna
Trog
Uskayaw
Vehumet
Yredelemnul
Zin
The Shining One
Lugonu


Innate Abilities, Weirdness & Mutations

You are immune to sickness and miasma.
You are immune to poison.
Your flesh is very heat resistant. (rF++)
You are vulnerable to cold. (rC-)
You float through the air rather than walking.
You learn spells naturally, not from books.
Your magical power is your life essence.
You have superior vitality. (+4 MHP)


Message History

A metallic apparition takes form in the air.
Your crimson imp disappears in a puff of smoke!
The steam dragon breathes steam at you. The ball of steam hits you. You resist.
The black bear bites you.
The black bear claws you but does no damage.
The black bear claws you. The steam dragon bites you.
The steam dragon claws you.
* * * LOW HITPOINT WARNING * * *
The black bear attacks as you move away!
The black bear bites you!
* * * LOW HITPOINT WARNING * * *
The black bear closely misses you. x2
Your iron imp closely misses the steam dragon.
The steam dragon bites your iron imp.
The steam dragon closely misses your iron imp.
The black bear attacks as you move away!
The black bear bites you.
* * * LOW HITPOINT WARNING * * *
The black bear claws you.
* * * LOW HITPOINT WARNING * * *
The black bear claws you.
* * * LOW HITPOINT WARNING * * *
Your iron imp hits the steam dragon.
The steam dragon bites your iron imp.
The steam dragon closely misses your iron imp.
Casting: Call Imp (safe; 3% risk of failure)
Confirm with . or Enter, or press ? or * to list all spells.
You don't have enough health to cast this spell.
Casting: Call Imp (safe; 3% risk of failure)
Confirm with . or Enter, or press ? or * to list all spells.
You don't know that spell.
The steam dragon closely misses your iron imp. x2
Your iron imp closely misses the steam dragon.
It was a potion of attraction.
You feel attractive to monsters.
The black bear bites you but does no damage.
The black bear completely misses you.
The black bear claws you but does no damage.
Your iron imp hits the steam dragon!
It was a potion of haste.
You feel yourself speed up. The black bear bites you.
You die...

#.# #.# #.# #.# #.#
#.####### ##########.##.....
#...........+.....
#@#......#.##.....
#h#.####.#.#<.....
.##########s#.##...#.#......
........s§D5........).......
#####........##.######.....
#.####...##.#... +.....
.#####.####...##.#.####.....
...).)...§..................
....s...###.#....#.#####.###


You could see a steam dragon (distracted, ally target), a black bear, a scorpion
and a friendly iron imp (summoned).

Vanquished Creatures
  An orc priest (D:4)
  An iguana (D:5)
  An orc wizard (D:4)
  A gnoll (D:5)
  3 adders
  2 worms
  2 dart slugs (D:1)
  10 orcs
  11 ball pythons
  8 bats
  5 endoplasms
  3 giant cockroaches (D:2)
  8 goblins
  5 hobgoblins
  3 jackals (D:3)
  6 kobolds
  4 quokkas
  2 frilled lizards
  4 rats
80 creatures vanquished.

Vanquished Creatures (collateral kills)
  An orc (D:4)
  An endoplasm (D:4)
2 creatures vanquished.

Vanquished Creatures (others)
  An orc wizard (D:4)
1 creature vanquished.

Grand Total: 83 creatures vanquished

Notes
Turn   | Place    | Note
-------+----------+-------------------------------------------
     0 | D:1      | brmiller01 the Djinni Ice Elementalist began the quest for
                  | the Orb.
     0 | D:1      | Reached XP level 1. HP: 15/15 MP: 0/0
   368 | D:1      | Reached skill level 1 in Fighting
   368 | D:1      | Reached XP level 2. HP: 15/22 MP: 0/0
  1023 | D:1      | Reached XP level 3. HP: 23/27 MP: 0/0
  1023 | D:1      | Learned a level 1 spell: Sandblast
  1150 | D:1      | You are sucked into a shaft and drop 1 floor!
  1273 | D:1      | Found a faded altar of an unknown god.
  1719 | D:2      | Reached XP level 4. HP: 32/33 MP: 0/0
  2694 | D:3      | Noticed a +0 spear
  2695 | D:3      | Noticed a +0 falchion
  2695 | D:3      | Noticed a +0 spear
  2696 | D:3      | Noticed a +0 short sword
  2696 | D:3      | Noticed a +0 dagger
  2696 | D:3      | Noticed a +0 short sword
  2697 | D:3      | Noticed a +0 dagger
  2701 | D:3      | Noticed a +0 falchion
  2813 | D:3      | Reached skill level 4 in Spellcasting
  3046 | D:3      | Found a hide-covered altar of Uskayaw.
  3168 | D:3      | Reached XP level 5. HP: 28/40 MP: 0/0
  3168 | D:3      | Learned a level 2 spell: Call Imp
  3682 | D:4      | Found a staircase to the Ecumenical Temple.
  3955 | Temple   | Entered the Ecumenical Temple
  4004 | Temple   | Became a worshipper of Makhleb the Destroyer
  4039 | D:4      | Found a basalt altar of Yredelemnul.
  4153 | D:4      | Reached XP level 6. HP: 14/46 MP: 0/0
  4784 | D:4      | Found a blossoming altar of Fedhas.
  5154 | D:5      | Entered Level 5 of the Dungeon
  5415 | D:5      | Noticed an ogre
  5511 | D:5      | Noticed a steam dragon
  5519 | D:5      | Noticed a black bear
  5536 | D:5      | HP: 2/47 [black bear (1)]
  5539 | D:5      | Slain by a black bear

Illustrated notes

Levels and vault maps discovered:
D:1:      giann_bridges, layout_basic, hellmonk_ecumenical_altar_inner_sanctum,
          grunt_decor_fettered
D:2:      layout_basic, st_stairs_5
D:3:      layout_basic, nicolae_uskayaw_en_pointe, led_sif_pool,
          kennysheep_generic_room_8
D:4:      layout_basic, mainiacjoe_overflow_cross_hatched,
          kennysheep_little_box, minmay_temple_entry_grid, grunt_decor_clamped
D:5:      layout_basic, vehumet_crystals, serial_shops,
          nicolae_shop_advertising_works [nicolae_subvault_shop_adworks],
          uniq_sigmund
Temple:   corrupted_temple

Skill      XL: |  1  2  3  4  5 |
---------------+----------------+-----
Fighting       | 1 2 3 |  3.9
Spellcasting   | 4 |  4.6
Dodging        | |  2.1
Stealth        | |  1.5

Action                   |  1- 3 |  4- 6 || total
-------------------------+-------+-------++-------
Melee: Unarmed           |     1 |       ||     1
 Cast: Freeze            |    54 |    64 ||   118
       Frozen Ramparts   |     1 |       ||     1
       Ozocubu's Armour  |       |     2 ||     2
       Sandblast         |       |    36 ||    36
       Call Imp          |       |     7 ||     7
  Use: Potion            |       |     2 ||     2
Armor: Robe              |     8 |    21 ||    29
Dodge: Dodged            |    17 |    62 ||    79

Table legend: (Time is in decaauts)
 A = Elapsed time spent in this place.
 B = Non-inter-level travel time spent in this place.
 C = Inter-level travel time spent in this place.
 D = Time resting spent in this place.
 E = Time spent auto-exploring this place.
 F = Levels seen in this place.
 G = Mean time per level.
                   A        B        C        D        E       F      G
               +--------+--------+--------+--------+--------+-----+--------+
         Total |   5540 |   5266 |    274 |    733 |   3812 |   6 |  923.3 |
       Dungeon |   5475 |   5229 |    246 |    733 |   3787 |   5 | 1095.0 |
        Temple |     64 |     36 |     28 |      0 |     25 |   1 |   64.0 |
               +--------+--------+--------+--------+--------+-----+--------+

Top non-repeatable levels by time:
     D:4: 1675 daAuts
     D:1: 1545 daAuts
     D:3: 1074 daAuts
     D:2: 920 daAuts
     D:5: 260 daAuts
  Temple: 64 daAuts
